[Event "Late-Titled-Tuesday-Blitz-June-18-2024"]
[Site "Chess.com"]
[Date "2024.06.18"]
[Round "10"]
[White "HajiyevKanan"]
[Black "A4RookA3"]
[Result "1-0"]
[WhiteElo "2564"]
[BlackElo "2445"]
[TimeControl "180+1"]
[EndTime "15:54:25 PDT"]
[Termination "HajiyevKanan won on time"]

1. d4 d5 2. Nf3 Nf6 3. c4 c6 4. cxd5 cxd5 5. Nc3 Nc6 6. Bg5 a6 7. Bxf6 gxf6 8. Qb3 e6 9. e3 Bd6 10. Be2 Na5 11.
Qc2 Bd7 12. O-O O-O 13. e4 dxe4 14. Nxe4 Be7 15. Qd2 Bc6 16. Ng3 Qd5 17. Qh6 Kh8 18. Nh5 Rg8 19. Nxf6 Bxf6 20. Qxf6+ Rg7 21. Rfc1 b6 22.
Rc3 Rg8 23. g3 Nb7 24. Bc4 1-0

[Event "Late-Titled-Tuesday-Blitz-June-18-2024"]
[Site "Chess.com"]
[Date "2024.06.18"]
[Round "10"]
[White "patzer-reloaded"]
[Black "schondeln"]
[Result "0-1"]
[WhiteElo "2445"]
[BlackElo "2377"]
[TimeControl "180+1"]
[EndTime "15:54:25 PDT"]
[Termination "schondeln won on time"]

1. d4 d5 2. c4 c6 3. Nf3 Nf6 4. Nc3 dxc4 5. e4 b5 6. Be2 e6 7. O-O Bb7 8. e5 Nd5 9. Ng5 h6 10. Nge4 Nd7 11. f4 g6 12. Kh1 Qb6 13. a4 h5 14. a5 Qc7 15. a6 Bc8 16. Ng5 Nxc3 17. bxc3 Nb6 18. f5 exf5 19. Bf3 Be6 20. Nxe6 fxe6 21.
Rb1 Nd5 22. Bxd5 exd5 23. e6 O-O-O 24. Bg5 Re8 25. Qd2 Rxe6 26. Rbe1 Re4 27. Rxe4 fxe4 0-1

[Event "Late-Titled-Tuesday-Blitz-June-18-2024"]
[Site "Chess.com"]
[Date "2024.06.18"]
[Round "10"]
[White "ClauAmura"]
[Black "xasid81"]
[Result "0-1"]
[WhiteElo "2388"]
[BlackElo "2578"]
[TimeControl "180+1"]
[EndTime "15:54:27 PDT"]
[Termination "xasid81 won by resignation"]

1. d4 d5 2. Bg5 h6 3. Bh4 c6 4. c3 Qb6 5. Qb3 Bf5 6. Nd2 Nd7 7. h3 e6 8. g4 Bh7 9. e3 Bd6 10. Ne2 Ngf6 11. Bg3 Bxg3 12. Nxg3 e5 13. Be2 O-O 14. Qxb6 axb6 15. a3 Rfe8 16. O-O c5 17. Bb5 exd4 18. cxd4 Rec8 19. Nf3 Nf8 20. Ne5 cxd4 21. exd4 Ne6 22. Rfd1 Rc2 23. Nf5 Bxf5 24. gxf5 Nf4 25. Bf1 Ne4 26.
Nd3 Nxd3 27. Bxd3 Rxb2 28. Bxe4 dxe4 29. Rab1 Rxb1 30. Rxb1 Rxa3 31. Rxb6 Rxh3 32. Rxb7 Rd3 33. Rb8+ Kh7 34. Rd8 f6 35. Kf1 h5 36. Kg2 Kh6 37.
Rd7 h4 38. Kh2 g6 39. fxg6 Kxg6 40. Rd5 f5 41. Kg2 Kg5 42. Rd8 h3+ 43. Kh2 Kf4 44.
d5 Rd2 45. Kxh3 Rxf2 46. d6 Rd2 47. d7 e3 0-1

[Event "Late-Titled-Tuesday-Blitz-June-18-2024"]
[Site "Chess.com"]
[Date "2024.06.18"]
[Round "10"]
[White "DanylaBagrov"]
[Black "GM_dmitrij"]
[Result "1/2-1/2"]
[WhiteElo "2546"]
[BlackElo "2998"]
[TimeControl "180+1"]
[EndTime "15:54:28 PDT"]
[Termination "Game drawn by repetition"]

1. e4 c6 2. d4 d5 3. exd5 cxd5 4. Bd3 Nf6 5. c3 Bg4 6. Qb3 Qc7 7. Ne2 Bxe2 8. Bxe2 e6 9. Bg5 Bd6 10. Nd2 Nc6 11.
Bxf6 gxf6 12. Nf3 a6 13. g3 f5 14. O-O-O b5 15. Rhe1 O-O 16. Qc2 Rac8 17. Kb1 Qb6 18. Bd3 Nb4 19. Qd2 Nxd3 20. Qg5+ Kh8 21. Qf6+ Kg8 22.
Qg5+ Kh8 23. Qf6+ Kg8 24. Qg5+ 1/2-1/2

[Event "Late-Titled-Tuesday-Blitz-June-18-2024"]
[Site "Chess.com"]
[Date "2024.06.18"]
[Round "10"]
[White "divudis17"]
[Black "JAN2404"]
[Result "1-0"]
[WhiteElo "2334"]
[BlackElo "2090"]
[TimeControl "180+1"]
[EndTime "15:54:29 PDT"]
[Termination "divudis17 won by checkmate"]

1. Nf3 c5 2. c4 g6 3. e4 Bg7 4. d4 cxd4 5. Nxd4 d6 6. Nc3 Nc6 7.
Be3 Nf6 8. f3 Bd7 9. Be2 Rc8 10.
O-O O-O 11. Rc1 Qa5 12. a3 Nxd4 13. Bxd4 Be6 14. Nd5 Bxd5 15. cxd5 a6 16. Qb3 Qd2 17. Qd3 Nxe4 18. Bxg7 Rxc1 19. Bxf8 Rxf1+ 20. Kxf1 Qc1+ 21. Qd1 Nd2+ 22. Ke1 Qc5 23. Qxd2 Kxf8 24. Qc3 Qg1+ 25. Bf1 Qxh2 26. Qh8# 1-0

[Event "Late-Titled-Tuesday-Blitz-June-18-2024"]
[Site "Chess.com"]
[Date "2024.06.18"]
[Round "10"]
[White "FairChess_on_YouTube"]
[Black "pouya21"]
[Result "1-0"]
[WhiteElo "3086"]
[BlackElo "2825"]
[TimeControl "180+1"]
[EndTime "15:54:30 PDT"]
[Termination "FairChess_on_YouTube won by resignation"]

1. e4 c6 2. Nf3 d5 3. d3 g6 4. e5 Bg7 5. d4 f6 6. Bf4 Bg4 7. Nbd2 Nd7 8. Be2 Bxf3 9. Nxf3 fxe5 10. dxe5 Qc7 11. c4 Nxe5 12. Bxe5 Bxe5 13. cxd5 Bxb2 14. Rb1 Bc3+ 15. Kf1 Nf6 16. dxc6 bxc6 17. Qb3 Ba5 18. Ng5 Nd5 19. Qf3 Qf4 20. Qxd5 cxd5 21. Bb5+ Kf8 22.
Ne6+ Kf7 23. Nxf4 Rad8 24. Nxd5 1-0

[Event "Late-Titled-Tuesday-Blitz-June-18-2024"]
[Site "Chess.com"]
[Date "2024.06.18"]
[Round "10"]
[White "carloseduar100"]
[Black "KorolDimitriy75"]
[Result "1-0"]
[WhiteElo "2258"]
[BlackElo "2430"]
[TimeControl "180+1"]
[EndTime "15:54:30 PDT"]
[Termination "carloseduar100 won on time"]

1. g3 c5 2. Bg2 g6 3. Nf3 Bg7 4. O-O Nc6 5. d3 e5 6. Nbd2 Nge7 7.
Re1 d6 8. e4 O-O 9. h4 h6 10.
Nf1 Kh7 11. Be3 f5 12. exf5 Nxf5 13. Qd2 Be6 14. Rad1 Qd7 15. a3 Rf7 16. c3 Raf8 17. N1h2 b6 18. b4 Nxe3 19. Rxe3 Bf5 20. Rde1 Ne7 21. d4 cxd4 22. cxd4 e4 23. Rxe4 Bxe4 24. Rxe4 Nf5 25. d5 Qa4 26. Qd3 Re7 27. g4 1-0

[Event "Late-Titled-Tuesday-Blitz-June-18-2024"]
[Site "Chess.com"]
[Date "2024.06.18"]
[Round "10"]
[White "Losingexperience"]
[Black "Tunahan_Makaraci"]
[Result "1-0"]
[WhiteElo "2753"]
[BlackElo "2634"]
[TimeControl "180+1"]
[EndTime "15:54:31 PDT"]
[Termination "Losingexperience won by resignation"]

1. e4 c5 2. Nf3 Nc6 3. Bb5 d6 4. O-O Bd7 5. Re1 Nf6 6. c3 a6 7. Bf1 Bg4 8. h3 Bxf3 9. Qxf3 e6 10. Na3 Rg8 11. Nc2 g5 12. d4 cxd4 13. Nxd4 g4 14. hxg4 Nxg4 15. Nxc6 bxc6 16. Bf4 e5 17. Bg3 Be7 18. Bc4 Rg7 19. Bxf7+ Rxf7 20. Qxg4 Qd7 21. Qg8+ Bf8 22. Rad1 O-O-O 23. Qg5 Be7 24. Qh5 Rg7 25. Qe2 Kb7 26. Bxe5 Rg6 27. Bg3 Rdg8 28. e5 d5 29. e6 Qc8 30. c4 h5 31. cxd5 h4 32. dxc6+ Qxc6 33. Rd7+ Ka8 34. Rc7 Qa4 35. Qf3+ 1-0

[Event "Late-Titled-Tuesday-Blitz-June-18-2024"]
[Site "Chess.com"]
[Date "2024.06.18"]
[Round "10"]
[White "Chessdreamer2020"]
[Black "Bugcrusher"]
[Result "1-0"]
[WhiteElo "2557"]
[BlackElo "2397"]
[TimeControl "180+1"]
[EndTime "15:54:36 PDT"]
[Termination "Chessdreamer2020 won by resignation"]

1. e4 e6 2. b3 d5 3. Bb2 dxe4 4.
Nc3 Nf6 5. Qe2 Bb4 6. O-O-O Bxc3 7. dxc3 Qe7 8. g4 h6 9. Bg2 Bd7 10. h4 Bc6 11. c4 Nbd7 12. g5 hxg5 13. hxg5 Rxh1 14.
Bxh1 Nh7 15. Bxe4 Qxg5+ 16. Kb1 Nhf6 17. Bxc6 bxc6 18. Nf3 Qf4 19. Rd4 Qf5 20. Ne1 c5 21. Rd1 Nb6 22. a4 Rd8 23. Nd3 Nc8 24. Rg1 g6 25. Rh1 Ne7 26. Rh8+ Neg8 27. Bxf6 Qxf6 28. Rxg8+ Ke7 29. Rxd8 Kxd8 30. Nxc5 Qc3 31. Qd3+ 1-0

[Event "Late-Titled-Tuesday-Blitz-June-18-2024"]
[Site "Chess.com"]
[Date "2024.06.18"]
[Round "10"]
[White "RamonManon0g"]
[Black "Boudicca64"]
[Result "1-0"]
[WhiteElo "2474"]
[BlackElo "1903"]
[TimeControl "180+1"]
[EndTime "15:54:41 PDT"]
[Termination "RamonManon0g won on time"]

1. e4 g6 2. d4 Bg7 3. Nc3 c5 4. d5 d6 5. Nf3 Nf6 6. Be2 O-O 7.
O-O a6 8. a4 Nbd7 9. Bg5 Rb8 10. Re1 Qc7 11. Bf1 c4 12. a5 Nc5 13. e5 dxe5 14.
Nxe5 Nfe4 15. Nxe4 Nxe4 16. Rxe4 Bxe5 17. Rxc4 Qd6 18.
Rh4 Bxb2 19. Rb1 Bf6 20. Rb6 Qc5 21. Bxf6 exf6 22. Rxf6 Qe7 23. Qd4 Bf5 24. d6 Qd7 25. h3 Rbe8 26. Bc4 Re1+ 27. Kh2 Be6 28. Bb5 1-0

[Event "Late-Titled-Tuesday-Blitz-June-18-2024"]
[Site "Chess.com"]
[Date "2024.06.18"]
[Round "10"]
[White "pinelone"]
[Black "KebabJangles"]
[Result "1-0"]
[WhiteElo "2442"]
[BlackElo "2284"]
[TimeControl "180+1"]
[EndTime "15:54:44 PDT"]
[Termination "pinelone won by checkmate"]

1. Nf3 Nf6 2. c4 g6 3. b3 Bg7 4. Bb2 O-O 5. g3 d6 6. Bg2 e5 7. d3 Nfd7 8. Nc3 f5 9. O-O Nc6 10. Qd2 Nf6 11. Rac1 Be6 12. Ng5 Bd7 13. Nd5 h6 14.
Nxf6+ Bxf6 15. Bd5+ Kg7 16. Ne6+ Bxe6 17. Bxe6 Nd4 18. Bd5 c6 19. Bg2 Rc8 20. e3 Ne6 21. f4 exf4 22. gxf4 Qe7 23. Rce1 Bxb2 24. Qxb2+ Qf6 25.
d4 c5 26. Bxb7 Rc7 27. Bd5 Nd8 28. Rf2 Re8 29. dxc5 Qxb2 30. Rxb2 dxc5 31. Kf2 a5 32. Rd2 Rd7 33. Red1 Rde7 34. Bf3 Nf7 35. Rd3 h5 36. Bd5 Nh6 37. h3 h4 38. Bc6 Rc8 39. Rd7 Kf6 40. R1d6+ Kf7 41. Bd5+ Kf8 42. Rxe7 Kxe7 43. Rxg6 Nf7 44.
Rg7 Rf8 45. Rxf7+ Rxf7 46. Bxf7 Kxf7 47. e4 Ke6 48. Ke3 Kf6 49. exf5 Kxf5 50. Kf3 Kf6 51.
Ke4 Ke6 52. f5+ Kf6 53. Kf4 Kf7 54. Ke5 Ke7 55. f6+ Kf7 56. Kf5 Kf8 57. Ke6 Ke8 58. Kd6 Kf7 59. Kxc5 Kxf6 60. Kb5 Kf5 61. c5 Kf4 62. c6 Kg3 63. c7 Kxh3 64. c8=Q+ Kh2 65. Kxa5 Kg1 66. b4 h3 67. Qxh3 Kf2 68. b5 Ke2 69. b6 Kd2 70. b7 Kc2 71. b8=Q Kd2 72. Qb2+ Kd1 73. Qh1# 1-0

[Event "Late-Titled-Tuesday-Blitz-June-18-2024"]
[Site "Chess.com"]
[Date "2024.06.18"]
[Round "10"]
[White "esskeettit"]
[Black "yaguigor"]
[Result "1-0"]
[WhiteElo "2525"]
[BlackElo "2622"]
[TimeControl "180+1"]
[EndTime "15:54:55 PDT"]
[Termination "esskeettit won by checkmate"]

1. d4 d5 2. c4 e6 3. Nc3 c6 4. e3 Nf6 5. Nf3 Nbd7 6. Qc2 Bd6 7. b3 O-O 8. Be2 b6 9. O-O Bb7 10. Bb2 Qe7 11. e4 Nxe4 12. Nxe4 dxe4 13. Qxe4 Nf6 14. Qc2 c5 15. dxc5 Bxc5 16. Ng5 Rfd8 17. Bxf6 Qxf6 18. Qxh7+ Kf8 19. Bf3 Qxg5 20. Bxb7 Rab8 21.
Bf3 Ke7 22. Qe4 Rd2 23. a3 a5 24. b4 axb4 25. axb4 Bxb4 26. Ra7+ Kf6 27. h4 Qf5 28. Qe3 Rbd8 29. Be4 Bc5 30. Qc3+ Bd4 31. Qxd2 Qxe4 32.
Qg5# 1-0

[Event "Late-Titled-Tuesday-Blitz-June-18-2024"]
[Site "Chess.com"]
[Date "2024.06.18"]
[Round "10"]
[White "N_I_Chess"]
[Black "Rawnsdale"]
[Result "1-0"]
[WhiteElo "2324"]
[BlackElo "2435"]
[TimeControl "180+1"]
[EndTime "15:55:01 PDT"]
[Termination "N_I_Chess won on time"]

1. d4 d5 2. c4 e6 3. Nc3 Be7 4. cxd5 exd5 5. Qc2 c6 6. f3 Nf6 7. Bg5 O-O 8. e3 Nbd7 9. Bd3 h6 10. Bh4 Re8 11.
Nge2 c5 12. O-O c4 13. Bf5 Nf8 14. Bxc8 Rxc8 15. Kh1 Ng6 16. Bf2 a6 17. a4 Bd6 18. Bg1 Bb8 19. e4 dxe4 20. fxe4 Ng4 21. e5 Qh4 22. Qf5 Rc7 23. Nd5 N6xe5 24. Nxc7 Bxc7 25.
dxe5 Rxe5 26. Qxf7+ Kh7 27. Ng3 Rg5 28. Qxc7 Rh5 29.
Nf5 Nxh2 30. Nxh4 1-0

[Event "Late-Titled-Tuesday-Blitz-June-18-2024"]
[Site "Chess.com"]
[Date "2024.06.18"]
[Round "10"]
[White "egnfanclub"]
[Black "Hakiki_satranc"]
[Result "1-0"]
[WhiteElo "2352"]
[BlackElo "2423"]
[TimeControl "180+1"]
[EndTime "15:55:03 PDT"]
[Termination "egnfanclub won on time"]

1. e4 e6 2. d4 d5 3. Nc3 h6 4. Nf3 Bb4 5. Bd3 Nf6 6. e5 Nfd7 7. a3 Bxc3+ 8. bxc3 b6 9. Qe2 c5 10. c4 Bb7 11.
cxd5 Bxd5 12. c4 Bb7 13. d5 exd5 14. e6 Nf6 15. exf7+ Kxf7 16. Ne5+ Kg8 17. O-O Nbd7 18. Ng6 Qe8 19. Ne7+ Kf8 20. Re1 dxc4 21. Ng6+ Kg8 22. Bxc4+ Kh7 23. Nxh8 Qxe2 24. Rxe2 Kxh8 25. Re7 Re8 26.
Rxe8+ Nxe8 27. Bf4 Nef6 28. Re1 g5 29. Bd6 Kg7 30.
Re7+ Kg6 31. g4 1-0

[Event "Late-Titled-Tuesday-Blitz-June-18-2024"]
[Site "Chess.com"]
[Date "2024.06.18"]
[Round "10"]
[White "amylazy"]
[Black "WilsonPalencia21"]
[Result "0-1"]
[WhiteElo "2486"]
[BlackElo "2609"]
[TimeControl "180+1"]
[EndTime "15:55:05 PDT"]
[Termination "WilsonPalencia21 won by resignation"]

1. d4 Nf6 2. Nf3 c5 3. d5 g6 4. Nc3 Bg7 5. e4 d6 6. Bb5+ Nfd7 7.
a4 Na6 8. O-O Nc7 9. Be2 O-O 10.
Bf4 b6 11. h3 a6 12. Qd2 Re8 13. Rfe1 Rb8 14. Bh6 Bh8 15. Qf4 b5 16. axb5 axb5 17. Qh4 b4 18. Nd1 e5 19. Bg5 f6 20. Be3 f5 21.
exf5 Qxh4 22. Nxh4 Bf6 23. Nf3 gxf5 24. c4 f4 25. Bc1 Nb6 26. Nd2 Bf5 27. Ra7 Re7 28. Bg4 Bd3 29. b3 Ncxd5 30. Rxe7 Nxe7 31. Ne4 Bxe4 32. Rxe4 Ra8 33. Bb2 Ra2 34. Re2 Nc6 35. Kh2 Na5 36.
Rd2 Be7 37. Be6+ Kf8 38. g3 Nxb3 39. Re2 Nd4 40. Bxd4 Rxe2 0-1

[Event "Late-Titled-Tuesday-Blitz-June-18-2024"]
[Site "Chess.com"]
[Date "2024.06.18"]
[Round "10"]
[White "Tolya2"]
[Black "newyorkmouse"]
[Result "0-1"]
[WhiteElo "2470"]
[BlackElo "2601"]
[TimeControl "180+1"]
[EndTime "15:55:06 PDT"]
[Termination "newyorkmouse won by checkmate"]

1. Nf3 c5 2. c4 g6 3. d4 Bg7 4.
Nc3 Nf6 5. g3 O-O 6. Bg2 d6 7. O-O cxd4 8. Nxd4 Nbd7 9. b3 Nc5 10.
Bb2 Bd7 11. Qc2 a5 12. Rfd1 Qc8 13. e4 Bh3 14. Ndb5 Bxg2 15. Kxg2 Nfxe4 16. Nd5 Qd8 17. Re1 Bxb2 18. Qxb2 e6 19. Ndc3 Nd3 20. Qe2 Nxe1+ 21. Rxe1 Nxc3 22. Nxc3 Qf6 23. Ne4 Qe5 24. Qd2 d5 25.
cxd5 Qxd5 26. Qxd5 exd5 27. Nf6+ Kg7 28. Nxd5 a4 29. Re7 axb3 30. axb3 Rfe8 31. Rxb7 Rab8 32. Rxb8 Rxb8 33. b4 Rb5 34. Ne3 Rxb4 35. h4 Rb8 36. Kf3 Ra8 37. Nd5 Ra3+ 38. Ne3 Ra4 39. Nd5 Rc4 40. Ne3 Rc3 41. Ke2 Ra3 42. Kf3 Kf6 43.
Kf4 Ra4+ 44. Kf3 Ke5 45. Ng4+ Kd4 46. Nf6 h5 47. Kf4 Ra5 48. Nh7 Rf5# 0-1

[Event "Late-Titled-Tuesday-Blitz-June-18-2024"]
[Site "Chess.com"]
[Date "2024.06.18"]
[Round "10"]
[White "Cuchulin"]
[Black "sansanathalia"]
[Result "0-1"]
[WhiteElo "2270"]
[BlackElo "2435"]
[TimeControl "180+1"]
[EndTime "15:55:07 PDT"]
[Termination "sansanathalia won on time"]

1. d4 Nf6 2. Bf4 e6 3. e3 c5 4.
Nc3 cxd4 5. exd4 d6 6. Nf3 Be7 7. Be2 O-O 8. h3 Nc6 9. O-O b6 10. d5 exd5 11. Nxd5 Nxd5 12. Qxd5 Bb7 13. Qh5 Qd7 14.
Rad1 g6 15. Qh6 Nd8 16. Ng5 Bxg5 17. Bxg5 f6 18. Be3 Nf7 19. Qf4 Ne5 20. Qd4 Qc6 21.
f3 Rad8 22. a4 Qxc2 23. Rfe1 Qc7 24. Rc1 Qf7 25. f4 Nc6 26. Qd2 Na5 0-1

[Event "Late-Titled-Tuesday-Blitz-June-18-2024"]
[Site "Chess.com"]
[Date "2024.06.18"]
[Round "10"]
[White "aexmi"]
[Black "Mikhal867"]
[Result "0-1"]
[WhiteElo "2294"]
[BlackElo "2453"]
[TimeControl "180+1"]
[EndTime "15:55:09 PDT"]
[Termination "Mikhal867 won by resignation"]

1. c4 c5 2. g3 Nf6 3. Bg2 d5 4. cxd5 Nxd5 5. Nc3 Nc7 6. Nf3 Nc6 7. O-O e5 8. Rb1 Be7 9. a3 a5 10. e3 Bf5 11. e4 Be6 12. d3 O-O 13. Be3 b6 14. Ne1 Qd7 15. f4 f6 16. f5 Bf7 17. g4 Rfd8 18. Qe2 a4 19. Nf3 Qxd3 20. Qf2 Nd4 21. Rfd1 Qa6 22. h4 b5 23. g5 b4 24. axb4 cxb4 25. Bf1 Bc4 26. Nd5 Nxd5 27. exd5 Bxf1 28.
Rxf1 Ne2+ 29. Kh2 Rxd5 30. Rfe1 e4 31. Nd2 Bd6+ 32. Kh3 Ng3 33. Bf4 Rxf5 0-1

[Event "Late-Titled-Tuesday-Blitz-June-18-2024"]
[Site "Chess.com"]
[Date "2024.06.18"]
[Round "10"]
[White "duone"]
[Black "aranibos"]
[Result "1-0"]
[WhiteElo "2414"]
[BlackElo "2260"]
[TimeControl "180+1"]
[EndTime "15:55:12 PDT"]
[Termination "duone won by checkmate"]

1. e4 c6 2. d4 d5 3. e5 c5 4.
dxc5 Nc6 5. Nf3 Bg4 6. Bb5 e6 7. b4 Qc7 8. c4 dxc4 9. O-O Rd8 10. Qe2 Bxf3 11. Qxf3 Ne7 12. Bb2 Ng6 13. Na3 Be7 14.
Nxc4 O-O 15. Bxc6 bxc6 16. Nd6 f6 17. Qb3 Qd7 18. f4 Bxd6 19. exd6 Kh8 20. Rae1 Rfe8 21. Re4 a6 22. Rfe1 Nf8 23. Qc3 Rb8 24. R1e3 Qf7 25. Qc4 Qb7 26. a3 Qb5 27. Qxb5 axb5 28. f5 e5 29. g4 Nd7 30. h4 Kg8 31. g5 Kf7 32. Kf2 Ra8 33. Kf3 Ra4 34. Kg4 g6 35. h5 gxf5+ 36.
Kxf5 Rg8 37. gxf6 Rg2 38. Bxe5 Rf2+ 39. Bf4 Nxf6 40. Re7+ Kf8 41. Kxf6 Rxf4+ 42. Kg5 Rf7 43. Re8+ Kg7 44. h6# 1-0

[Event "Late-Titled-Tuesday-Blitz-June-18-2024"]
[Site "Chess.com"]
[Date "2024.06.18"]
[Round "10"]
[White "Goryachkina"]
[Black "SHIVACalypso"]
[Result "1-0"]
[WhiteElo "2684"]
[BlackElo "2557"]
[TimeControl "180+1"]
[EndTime "15:55:16 PDT"]
[Termination "Goryachkina won by checkmate"]

1. e4 e6 2. d4 d5 3. Nd2 e5 4.
Ngf3 exd4 5. Nxd4 Nc6 6. Bb5 Bd7 7. Nxc6 bxc6 8. Bd3 Bd6 9. O-O Ne7 10. exd5 cxd5 11.
Qh5 h6 12. Nf3 O-O 13. Bd2 c5 14. c3 Rb8 15. b3 Bb5 16. Bxb5 Rxb5 17. Rfe1 Ng6 18.
Rad1 Bc7 19. g3 Qf6 20. Qxd5 Rd8 21. Qe4 c4 22. Qxc4 Rf5 23. Qxc7 Rxf3 24. Be3 Rxd1 25. Rxd1 Ne5 26. Qd8+ Kh7 27. Qxf6 Rxf6 28. Bxa7 Ra6 29.
Bd4 Nf3+ 30. Kg2 Nxd4 31. Rxd4 Rxa2 32. b4 Rb2 33. Rd5 g5 34. b5 Rb3 35. c4 Kg6 36.
Rd6+ Kh5 37. b6 f5 38. c5 g4 39. Rd7 Kg5 40. b7 h5 41. c6 h4 42. gxh4+ Kxh4 43. Kf1 f4 44. Ke2 f3+ 45. Kd2 Rb2+ 46. Kc3 Rxf2 47. b8=Q Kh3 48. Qg3# 1-0

[Event "Late-Titled-Tuesday-Blitz-June-18-2024"]
[Site "Chess.com"]
[Date "2024.06.18"]
[Round "10"]
[White "noblerone"]
[Black "Good_Knight_Kiss"]
[Result "1-0"]
[WhiteElo "2519"]
[BlackElo "2377"]
[TimeControl "180+1"]
[EndTime "15:55:16 PDT"]
[Termination "noblerone won by checkmate"]

1. d4 Nf6 2. Nf3 g6 3. Bg5 Bg7 4. Nbd2 d6 5. e3 h6 6. Bxf6 Bxf6 7. Bc4 Nc6 8. c3 O-O 9. O-O e5 10. Qc2 Kh7 11. Ne4 Bg7 12. Ng3 f5 13. dxe5 dxe5 14. Rad1 Qe7 15. h3 Na5 16. Be2 Be6 17. b3 Nc6 18. Bb5 Qc5 19. Qe2 a6 20. Bc4 Bxc4 21.
bxc4 Rad8 22. h4 e4 23. Nd4 Qe5 24. Rd2 h5 25. Rfd1 Na5 26. Ne6 Qxe6 27. Rxd8 Rf7 28. c5 Nc4 29. Nxh5 Bxc3 30. Nf4 Qf6 31. h5 g5 32. Ng6 Qe6 33. Nf8+ Rxf8 34. Rxf8 Ne5 35. Rdd8 Qc4 36. Rd7+ Kh6 37. Rh8# 1-0

[Event "Late-Titled-Tuesday-Blitz-June-18-2024"]
[Site "Chess.com"]
[Date "2024.06.18"]
[Round "10"]
[White "DenLaz"]
[Black "Hikaru"]
[Result "0-1"]
[WhiteElo "3122"]
[BlackElo "3298"]
[TimeControl "180+1"]
[EndTime "15:55:18 PDT"]
[Termination "Hikaru won by resignation"]

1. d4 Nf6 2. c4 b6 3. Nc3 Bb7 4. Qc2 d5 5. cxd5 Nxd5 6. e4 Nxc3 7. bxc3 e6 8. Nf3 Be7 9. Bd3 c5 10. O-O Qc7 11. d5 exd5 12. exd5 Bxd5 13. Re1 Nc6 14. Bg5 Bxf3 15. gxf3 O-O-O 16. Bxe7 Nxe7 17. a4 a5 18. Rab1 Rd6 19. Qe2 Ng6 20. Be4 c4 21. Rb5 Nf4 22. Qe3 g5 23. Reb1 Rhd8 24. Bf5+ Kb7 25. Be4+ Ka6 26. Rf1 Rd1 27. Rb1 Rxf1+ 28. Rxf1 h6 29. Qc1 Ne2+ 0-1

[Event "Late-Titled-Tuesday-Blitz-June-18-2024"]
[Site "Chess.com"]
[Date "2024.06.18"]
[Round "10"]
[White "rasmussvane"]
[Black "DeTimmerman"]
[Result "1-0"]
[WhiteElo "2980"]
[BlackElo "2757"]
[TimeControl "180+1"]
[EndTime "15:55:19 PDT"]
[Termination "rasmussvane won by resignation"]

1. Nf3 Nf6 2. g3 e6 3. Bg2 d5 4.
O-O Be7 5. c4 O-O 6. b3 c5 7.
cxd5 Nxd5 8. Nc3 Nc6 9. Bb2 b6 10. Nxd5 exd5 11. d4 Bb7 12. Rc1 Rc8 13. Qd2 Nxd4 14.
Nxd4 cxd4 15. Bxd4 Qd7 16. Qb2 f6 17. Bf3 Rxc1 18. Rxc1 Rc8 19. Kg2 Rxc1 20. Qxc1 Qc6 21. Qe3 Kf7 22. Bh5+ g6 23. Bf3 Bf8 24. h4 Qe6 25.
Qf4 Qd6 26. Qc1 Qc6 27. Qd2 Qe6 28. h5 Bc8 29. Qc2 Qh3+ 30. Kg1 Be6 31. Qc7+ Be7 32. hxg6+ hxg6 33. Qxa7 Qf5 34. Bxb6 Qb1+ 35. Kg2 Qc2 36. Bd8 1-0

[Event "Late-Titled-Tuesday-Blitz-June-18-2024"]
[Site "Chess.com"]
[Date "2024.06.18"]
[Round "10"]
[White "SchmakAttack"]
[Black "ChessWarrior7197"]
[Result "1-0"]
[WhiteElo "2851"]
[BlackElo "3132"]
[TimeControl "180+1"]
[EndTime "15:55:22 PDT"]
[Termination "SchmakAttack won by resignation"]

1. Nf3 Nc6 2. e4 d5 3. exd5 Qxd5 4. Nc3 Qd6 5. d4 Nf6 6. Nb5 Qd8 7. c4 a6 8. Nc3 Bg4 9. d5 Ne5 10. Be2 Bxf3 11. Bxf3 e6 12. Bf4 Ng6 13. Qa4+ Nd7 14.
dxe6 fxe6 15. Bxb7 Nxf4 16. O-O-O Rb8 17. Rxd7 Qxd7 18.
Bc6 Nd3+ 19. Kb1 Nxb2 20. Bxd7+ Kd8 21. Qc6 Rb6 22. Qa8+ Kxd7 23. Kc2 Nxc4 24. Rd1+ Nd6 25. Ne4 g5 26. Nxd6 Rc6+ 27. Nc4+ Bd6 28. Qxh8 Rxc4+ 29. Kb3 Rb4+ 30. Kc3 Rf4 31. Qxh7+ Kc6 32. f3 Kc5 33.
Kd3 Ra4 34. Rd2 Bf4 35. Rc2+ Kb6 36. Qd7 Ra3+ 37. Ke2 Bd6 38. Rc6+ 1-0

[Event "Late-Titled-Tuesday-Blitz-June-18-2024"]
[Site "Chess.com"]
[Date "2024.06.18"]
[Round "10"]
[White "xakevicius91"]
[Black "NailBashirli"]
[Result "1-0"]
[WhiteElo "2662"]
[BlackElo "2745"]
[TimeControl "180+1"]
[EndTime "15:55:25 PDT"]
[Termination "xakevicius91 won by resignation"]

1. e4 e5 2. Nf3 Nc6 3. d4 exd4 4. Nxd4 Bc5 5. Nb3 Bb6 6. Nc3 Nf6 7. Bg5 h6 8. Bh4 g5 9. Bg3 d6 10. h4 Rg8 11. hxg5 hxg5 12. Bb5 Bg4 13. Qd2 a6 14. Ba4 Qe7 15. Bxc6+ bxc6 16. f3 Bd7 17. O-O-O O-O-O 18. Nd4 c5 19. Nb3 g4 20. Bh4 c4 21. Nd5 Qe6 22. Bxf6 cxb3 23. axb3 Rde8 24. Bd4 Bxd4 25. Qxd4 Bc6 26.
Nf6 gxf3 27. gxf3 Rg2 28. Nxe8 Qxe8 29. Rh8 Rg8 30. Rdh1 Kb7 31. Rxg8 Qxg8 32. Qb4+ Ka7 33. Qc3 Kb7 34. Kb1 Qg2 35. Rh7 Qg6 36. Rg7 Qh5 37.
Qf6 Qh1+ 38. Ka2 Qh5 39. Rg5 Qh4 40. Rb5+ 1-0

[Event "Late-Titled-Tuesday-Blitz-June-18-2024"]
[Site "Chess.com"]
[Date "2024.06.18"]
[Round "10"]
[White "GMG"]
[Black "temus_galaktionov"]
[Result "0-1"]
[WhiteElo "2710"]
[BlackElo "2876"]
[TimeControl "180+1"]
[EndTime "15:55:26 PDT"]
[Termination "temus_galaktionov won on time"]

1. d4 c6 2. Bf4 g6 3. e4 d6 4. Nc3 Bg7 5. Nf3 Nd7 6. e5 dxe5 7. dxe5 Nc5 8. Qxd8+ Kxd8 9. O-O-O+ Ke8 10. h3 h5 11.
Rd2 Nh6 12. Bc4 Be6 13. Be2 Rd8 14. Rhd1 Rxd2 15. Rxd2 Nf5 16. h4 f6 17. b4 Nd7 18.
exf6 exf6 19. Ne4 Bh6 20. Bxh6 Rxh6 21. c4 Ke7 22. Kb2 Rh8 23. Kc3 Ra8 24. a4 a5 25. b5 Nb6 26. Nc5 cxb5 27. axb5 Rc8 28. Nxe6 Kxe6 29. Ra2 Nd6 30. Nd2 Nd5+ 31. Kb3 Nf4 32.
Bf3 b6 33. g3 Nd3 34. Bd5+ Kf5 35. Nf3 Nc5+ 36. Kc3 Re8 37. Nd4+ Kg4 38. Bc6 Re1 39. Bd5 Nde4+ 40. Kc2 Nxf2 0-1

[Event "Late-Titled-Tuesday-Blitz-June-18-2024"]
[Site "Chess.com"]
[Date "2024.06.18"]
[Round "10"]
[White "dropstoneDP"]
[Black "Evan_Attaker"]
[Result "1-0"]
[WhiteElo "2980"]
[BlackElo "2762"]
[TimeControl "180+1"]
[EndTime "15:55:30 PDT"]
[Termination "dropstoneDP won by resignation"]

1. e4 d6 2. d4 Nf6 3. Nc3 g6 4.
Nf3 Bg7 5. Be2 O-O 6. O-O c5 7. d5 Na6 8. Re1 Nc7 9. a4 a6 10. h3 Bd7 11. Bf4 b5 12. axb5 Nxb5 13. e5 Nxc3 14.
bxc3 Ne4 15. Qd3 Bf5 16. Qe3 dxe5 17. Nxe5 Bxe5 18. Bxe5 Qxd5 19. Bf4 g5 20. Bxg5 Bg6 21. Bh6 Rfd8 22. Bf3 f5 23. Bxe4 fxe4 24. Ra5 Rac8 25. Rxa6 Rc6 26. Ra7 Rd7 27. c4 Qd4 28. Qxd4 Rxd4 29.
Rxe7 Bf7 30. Bf4 Rxc4 31. Ra1 Rf6 32. Ra8+ Kg7 33. Be5 Kg6 34. Bxf6 Kxf6 35. Raa7 Bg6 36. Rec7 Rxc2 37. Rc6+ Kg5 38. Rac7 Rc1+ 39. Kh2 Kh6 40. Rxc5 Rf1 41. Kg3 Ra1 42. Rc3 Ra5 43. Re3 Rg5+ 44.
Kh2 Rf5 45. Rc2 Kg7 46. Rd2 Rf7 47. g4 Kh6 48. Kg3 Kg7 49. h4 h6 50. h5 Bh7 51.
Rd4 Ra7 52. Rd6 Rb7 53. Rc3 Rf7 54. Rdc6 Rf8 55. Rc7+ Kf6 56. Rxh7 Ke5 57. Re3 Kd4 58. Rd7+ 1-0